 Dungeon Crawl Stone Soup version 0.27.0-65-ge2af304b15 (webtiles) character file.

Game seed: 18356438087955727959

90 mrzisme the Vexing (level 4, 0/21 HPs)
             Began as a Spriggan Enchanter on Aug 19, 2021.
             Slain by a jackal (1 damage)
             ... on level 3 of the Dungeon.
             The game lasted 00:10:37 (3304 turns).

mrzisme the Vexing (Spriggan Enchanter)             Turns: 3304, Time: 00:10:38

Health: 0/21       AC:  2    Str:  4    XL:     4   Next: 32%
Magic:  2/10       EV: 17    Int: 16    God:
Gold:   109        SH:  0    Dex: 16    Spells: 1/10 levels left

rFire    . . .     SeeInvis +   i - +0 dagger (venom)
rCold    . . .     Faith    .   (shield restricted)
rNeg     . . .     Spirit   .   b - +0 robe
rPois    .         Reflect  .   (helmet restricted)
rElec    .         Harm     .   (no cloak)
rCorr    .         Rampage  .   (gloves unavailable)
Will     .....                  (boots unavailable)
Stlth    +++.......             (no amulet)
HPRegen  0.07/turn              (no ring)
MPRegen  0.12/turn              (no ring)

@: lethally poisoned (0 -> -3), very quick
A: very small, no large weapons, unfitting armour, see invisible, speed 3
a: no special abilities


You were on level 3 of the Dungeon.
You visited 1 branch of the dungeon, and saw 3 of its levels.

You collected 109 gold pieces.

Inventory:

Hand Weapons
 a - a +1 dagger
 e - a +0 short sword
 f - a +3 short sword of holy wrath
 i - a +0 dagger of venom (weapon)
Missiles
 d - 15 poisoned darts (quivered)
Armour
 b - a +0 robe (worn)
Scrolls
 c - a scroll of amnesia
Potions
 g - a potion of heal wounds {unknown}
 h - 2 potions of mutation
 j - a potion of cancellation {unknown}
 k - a potion of flight {unknown}


   Skills:
 - Level 1.1 Short Blades
 - Level 2.6 Dodging
 - Level 4.4 Stealth
 + Level 3.9 Spellcasting
 * Level 5.5 Hexes


You had one spell level left.
You knew the following spells:

 Your Spells              Type           Power      Damage    Failure   Level
a - Corona                Hex            22%        N/A       1%          1
b - Ensorcelled Hibernat  Hex/Ice        24%        N/A       9%          2
c - Confusing Touch       Hex            20%        N/A       5%          3
d - Tukima's Dance        Hex            20%        N/A       5%          3

Your spell library contained the following spells:

 Spells                   Type           Power      Damage    Failure   Level
 Dazzling Flash           Conj/Hex       24%        N/A       16%         3
 Malign Gateway           Summ/Tloc      1%         N/A       100%        7
 Summon Horrible Things   Summ           1%         N/A       100%        8
 Chain Lightning          Conj/Air       1%         3d2       100%        9
 Fire Storm               Conj/Fire      1%         8d1       100%        9


Dungeon Overview and Level Annotations

Branches:
Dungeon (3/15)

Altars:
Ashenzari

Portals:
Sewer: D:3


Innate Abilities, Weirdness & Mutations

You are very small and have problems with some larger weapons.
You are too small for most types of armour.
You have supernaturally acute eyesight. (SInv)
You cover ground extremely quickly. (Speed+++)


Message History

The jackal closely misses you. The adder bites you. The adder misses you.
The jackal bites you. The jackal completely misses you.
You closely miss the jackal. The jackal closely misses you.
The adder bites you. The jackal completely misses you.
The adder closely misses you. The jackal closely misses you.
Casting: Ensorcelled Hibernation (safe; 9% risk of failure)
Confirm with . or Enter, or press ? or * to list all spells.
Okay, then.
Okay, then.
You barely miss the adder.
The jackal barks!
The jackal barely misses you. The adder misses you.
The jackal barely misses you. The adder barely misses you.
The jackal misses you. The jackal bites you.
Casting: Ensorcelled Hibernation (safe; 9% risk of failure)
Confirm with . or Enter, or press ? or * to list all spells.
Aiming: Ensorcelled Hibernation (safe; 9% risk of failure)
Press: ? - help, Shift-Dir - straight line, f/p - adder
Aim: an adder (chance to affect: 51%)
The adder resists with some effort.
The adder bites you but does no damage. The jackal bites you.
The jackal misses you. The adder closely misses you. The jackal misses you.
The jackal bites you but does no damage.
The adder bites you.
* * * LOW HITPOINT WARNING * * *
You are poisoned.
The adder poisons you! The jackal bites you.
* * * LOW HITPOINT WARNING * * *
Casting: Ensorcelled Hibernation (safe; 9% risk of failure)
Confirm with . or Enter, or press ? or * to list all spells.
Aiming: Ensorcelled Hibernation (safe; 9% risk of failure)
Press: ? - help, Shift-Dir - straight line, f/p - adder
Aim: an adder (chance to affect: 51%)
The adder looks drowsy...
* * * LOW HITPOINT WARNING * * *
You feel sick. The adder bites you but does no damage.
The jackal completely misses you. The jackal bites you.
* * * LOW HITPOINT WARNING * * *
The jackal bites you.
You die...

..........##.#.#.
..........##.#.##
..........##....
#+#####hh..###..##
#.....#.h..# ..#
#.....#....# .>.
#.h...#....## ...#
#hh.........#
#@h#######.##
#SS#≈≈≈≈≈#.#
#B.'≈≈∩≈≈#....
#..#≈≈≈≈≈#.###
#..#######.#
#............
#.#......####
#.#.##.#.# #. .#
.#.#


You could see 2 adders, 4 jackals and a giant cockroach.

Vanquished Creatures
  6 adders
  2 dart slugs
  2 ball pythons (D:1)
  An endoplasm (D:3)
  2 giant cockroaches (D:1)
  5 goblins
  3 hobgoblins
  3 kobolds
  A quokka (D:1)
  4 bats
  2 frilled lizards (D:1)
  3 rats
34 creatures vanquished.

Notes
Turn   | Place    | Note
-------+----------+-------------------------------------------
     0 | D:1      | mrzisme the Spriggan Enchanter began the quest for the Orb.
     0 | D:1      | Reached XP level 1. HP: 9/9 MP: 5/5
   466 | D:1      | Reached skill level 4 in Hexes
   663 | D:1      | Reached XP level 2. HP: 6/13 MP: 5/7
   666 | D:1      | Learned a level 2 spell: Ensorcelled Hibernation
  1738 | D:2      | Reached XP level 3. HP: 16/16 MP: 8/8
  1889 | D:2      | Reached skill level 5 in Hexes
  2681 | D:2      | Learned a level 3 spell: Confusing Touch
  2685 | D:2      | Learned a level 3 spell: Tukima's Dance
  2786 | D:2      | Reached XP level 4. HP: 12/21 MP: 0/10
  3082 | D:2      | Found a faded altar of an unknown god.
  3248 | D:3      | Found a broken altar of Ashenzari.
  3284 | D:3      | Found a glowing drain.
  3304 | D:3      | HP: 1/21 [jackal (1)]
  3304 | D:3      | Slain by a jackal

Illustrated notes

Levels and vault maps discovered:
D:1:      shiori_arrival_maze, layout_loops_ring
D:2:      layout_basic, shapermc_ecumenical_altar_mp_vishouse
D:3:      layout_basic, nicolae_ashenzari_panopticon, gup_sewer_entry_glass,
          kennysheep_path_1

Skill      XL: |  1  2  3 |
---------------+----------+-----
Hexes          | 4 5 |  5.5
Spellcasting   | 3 |  3.9
Short Blades   | |  1.1
Dodging        | |  2.6
Stealth        | |  4.4

Action                   |  1- 3 |  4- 6 || total
-------------------------+-------+-------++-------
Melee: Dagger            |    85 |     7 ||    92
 Cast: Corona            |    14 |       ||    14
       Ensorcelled Hiber |    32 |    10 ||    42
  Use: Scroll            |       |     2 ||     2
 Stab: Sleeping          |    17 |     4 ||    21
Armor: Robe              |     9 |     4 ||    13
Dodge: Dodged            |    84 |    26 ||   110
